Red Wings vs Stars
(R1)
Created - June 9, 2020 at 19:01
Goals
|
Red Wings |
1 |
3 |
2 |
6 |
Stars |
1 |
1 |
1 |
3 |
|
Shots
|
Red Wings |
8 |
14 |
16 |
38 |
Stars |
6 |
10 |
7 |
23 |
|
1st period
1. Red Wings , Carson Mcmillan 5 (Chris Kelly 5, Michael Haley 1) at 12:29
2. Stars , Evgeny Grachev 3 (Ted Purcell 5, Alexander Frolov 7) at 18:36
Penalties :
Nick Bjugstad (Det) for Roughing (Minor) at 4:24, Michael Haley (Det) for Cross-checking (Minor) at 16:19, Dany Heatley (Det) for High sticking (Minor) at 16:22
2nd period
3. Stars , Guillaume Latendresse 10 (John Tavares 20, Michael Grabner 16) at 0:26 (PP)
4. Red Wings , Chris Kelly 4 (Carson Mcmillan 2) at 4:01
5. Red Wings , Jordin Tootoo 8 (Nick Bjugstad 10, Karl Alzner 3) at 12:17 (PP)
6. Red Wings , Nick Bjugstad 4 (Teuvo Teravainen 7, Philip Samuelsson 11) at 14:59
Penalties :
Connor Brown (Det) for Interference (Minor) at 0:09, Cory Emmerton (Dal) for Hooking (Minor) at 1:26, Boris Valabik (Dal) for Holding (Minor) at 11:08
3rd period
7. Stars , Brian Lee 3 (Jussi Jokinen 13, Antoine Vermette 6) at 2:58 (PP)
8. Red Wings , David Krejci 4 (Petr Pohl 1, Dany Heatley 6) at 12:57
9. Red Wings , Philip Samuelsson 6 (Ryan O'Byrne 3, Michael Haley 2) at 15:39
Penalties :
Jiri Fischer (Det) for Hooking (Minor) at 2:36, Brian Lee (Dal) for Tripping (Minor) at 4:49, Michael Grabner (Dal) for Holding (Minor) at 7:53, Alex Chiasson (Dal) for Hooking (Minor) at 10:43, Nick Bjugstad (Det) for Interference (Minor) at 16:37
Goalie Stats
James Reimer (Det), 20 saves from 23 shots - (0.870), W, 11-7-0, 60:00 minutes
Cory Schneider (Dal), 32 saves from 38 shots - (0.842), L, 3-4-0, 60:00 minutes
Players Stats for Red Wings
Player Name G A P +/- PIM S H SB GA TA FO MP PP MP PK MP
------------------------------------------------------------------------------------
Anton Volchenkov 0 0 0 0 0 0 1 0 0 2 0/0 13:14 0:00 2:24
Carson Mcmillan 1 1 2 3 0 2 1 1 0 0 4/6 10:11 0:00 2:54
Chris Kelly 1 1 2 3 0 2 2 0 1 0 1/2 9:26 0:00 1:59
Connor Brown 0 0 0 0 2 3 0 0 0 0 1/1 20:08 5:04 0:00
Dany Heatley 0 1 1 0 2 2 1 0 0 2 1/2 13:20 0:00 2:48
David Krejci 1 0 1 1 0 5 0 0 0 0 3/7 10:17 0:00 0:00
Jakub Kindl 0 0 0 1 0 0 1 3 0 2 0/0 16:42 5:26 0:22
Jiri Fischer 0 0 0 0 2 2 1 2 1 2 0/0 22:18 3:39 3:53
Jordin Tootoo 1 0 1 1 0 3 5 1 0 0 0/1 15:08 4:01 0:00
Karl Alzner 0 1 1 1 0 1 1 0 1 0 0/0 19:57 5:26 0:00
Marko Dano 0 0 0 0 0 2 3 0 0 0 1/2 20:09 5:04 0:00
Michael Haley 0 2 2 2 2 0 0 0 0 0 0/0 8:34 0:00 1:03
Mike Richards 0 0 0 -1 0 2 1 0 1 1 18/34 22:26 5:04 1:57
Nick Bjugstad 1 1 2 1 4 6 3 0 0 1 3/8 15:21 4:01 0:00
Petr Pohl 0 1 1 1 0 3 0 0 0 0 0/0 10:17 0:00 0:00
Philip Samuelsson 1 1 2 2 0 2 2 1 0 0 0/0 25:28 3:39 2:24
Ryan O'Byrne 0 1 1 4 0 2 2 1 1 1 0/0 22:20 0:00 4:15
Teuvo Teravainen 0 1 1 1 0 1 1 0 0 0 0/0 16:03 4:01 0:40
Players Stats for Stars
Player Name G A P +/- PIM S H SB GA TA FO MP PP MP PK MP
------------------------------------------------------------------------------------
Alex Chiasson 0 0 0 -3 2 0 1 0 1 0 0/0 15:25 2:34 0:00
Alexander Frolov 0 1 1 0 0 0 4 0 0 0 0/0 11:28 0:30 1:24
Antoine Vermette 0 1 1 -3 0 0 3 0 0 0 5/9 18:14 2:24 2:53
B.J. Crombeen 0 0 0 0 0 0 4 0 0 0 0/2 9:52 0:20 0:00
Boris Valabik 0 0 0 -1 2 1 2 0 1 0 0/0 20:54 2:29 3:57
Brian Lee 1 0 1 -3 2 2 1 0 0 0 0/0 26:47 4:10 3:19
Cam Atkinson 0 0 0 0 0 0 1 0 0 0 0/0 7:07 0:00 0:00
Cory Emmerton 0 0 0 0 2 1 2 0 0 0 0/3 10:21 0:00 0:50
Evgeny Grachev 1 0 1 0 0 3 0 0 0 1 0/1 7:16 0:00 0:02
Guillaume Latendresse 1 0 1 -1 0 4 2 0 1 0 2/2 23:53 3:45 5:30
Ian White 0 0 0 -3 0 0 3 1 0 1 0/0 28:08 4:10 4:39
John Tavares 0 1 1 -1 0 5 1 0 2 2 22/44 23:54 3:45 5:29
Johnny Oduya 0 0 0 0 0 2 1 1 1 0 0/0 10:30 0:00 0:00
Jussi Jokinen 0 1 1 -3 0 2 0 1 2 0 1/1 17:26 2:34 2:02
Lasse Kukkonen 0 0 0 -1 0 0 3 0 1 1 0/0 21:22 2:29 4:26
Michael Grabner 0 1 1 -1 2 1 0 0 2 0 1/1 18:20 3:45 0:00
Niklas Hjalmarsson 0 0 0 0 0 1 0 0 0 0 0/0 12:19 0:00 1:49
Ted Purcell 0 1 1 0 0 1 0 0 0 0 0/0 7:34 0:20 0:00
3 Stars
1 - Chris Kelly (Det)
2 - Carson Mcmillan (Det)
3 - Philip Samuelsson (Det)
Power Play
Red Wings - 1 on 5 Attempt(s) - 20.00%
Stars - 2 on 6 Attempt(s) - 33.33%
Penalty Kill
Red Wings - 4 on 6 Attempt(s) - 66.67%
- Score 0 goal in Penalty Kill
Stars - 4 on 5 Attempt(s) - 80.00%
- Score 0 goal in Penalty Kill
Team Stat
Red Wings - Hits : 25 - Faceoff Wins : 32 - Blocked Shots : 9 - Penalty Minutes : 12
Stars - Hits : 28 - Faceoff Wins : 31 - Blocked Shots : 3 - Penalty Minutes : 10
Official
Referees : Unknown
Linesman : Unknown
Game Notes
No Game Note
Finance
Level 1 -- Attendance: 6000 (100.00%) -- Ticket Income $750,000
Level 2 -- Attendance: 5000 (100.00%) -- Ticket Income $375,000
Level 3 -- Attendance: 2000 (100.00%) -- Ticket Income $100,000
Level 4 -- Attendance: 4000 (100.00%) -- Ticket Income $160,000
Luxury Box -- Attendance: 1000 (100.00%) -- Ticket Income $250,000
Game was played at the American Airlines Center.
Total Attendance: 18000 (100.00%)
Total Ticket Income: $1,635,000
Other Income: $245,250
Total Income: $1,880,250
Red Wings
5 vs 5 Forward
Center Left Wing Right Wing Time % Phy DF OF
1 Mike Richards Marko Dano Connor Brown 40 0 2 3
2 Nick Bjugstad Teuvo Teravainen Jordin Tootoo 30 0 2 3
3 David Krejci Dany Heatley Petr Pohl 20 0 3 2
4 Chris Kelly Michael Haley Carson Mcmillan 10 0 3 2
5 vs 5 Defense
Defense Defense Time % Phy DF OF
1 Philip Samuelsson Ryan O'Byrne 40 0 2 3
2 Jiri Fischer Karl Alzner 30 0 2 3
3 Anton Volchenkov Jakub Kindl 20 1 2 2
4 Anton Volchenkov Jakub Kindl 10 1 2 2
PowerPlay Forward
Center Left Wing Right Wing Time % Phy DF OF
1 Mike Richards Marko Dano Connor Brown 60 0 1 4
2 Nick Bjugstad Teuvo Teravainen Jordin Tootoo 40 0 1 4
PowerPlay Defense
Defense Defense Time % Phy DF OF
1 Philip Samuelsson Jiri Fischer 60 0 2 3
2 Karl Alzner Jakub Kindl 40 0 2 3
Penalty Kill 4 Players Forward
Center Wing Time % Phy DF OF
1 Carson Mcmillan Dany Heatley 60 1 2 2
2 Chris Kelly Michael Haley 40 1 2 2
Penalty Kill 4 Players Defense
Defense Defense Time % Phy DF OF
1 Jiri Fischer Ryan O'Byrne 60 1 2 2
2 Philip Samuelsson Anton Volchenkov 40 1 2 2
Penalty Kill - 3 Players Forward
Forward Time % Phy DF OF
1 Dany Heatley 60 1 2 2
2 Michael Haley 40 1 2 2
Penalty Kill - 3 Players Defense
Defense Defense Time % Phy DF OF
1 Jiri Fischer Ryan O'Byrne 60 1 2 2
2 Philip Samuelsson Anton Volchenkov 40 1 2 2
4 vs 4 Forward
Center Wing Time % Phy DF OF
1 Mike Richards Connor Brown 60 1 2 2
2 Nick Bjugstad Jordin Tootoo 40 1 2 2
4 vs 4 Defense
Defense Defense Time % Phy DF OF
1 Philip Samuelsson Ryan O'Byrne 60 1 2 2
2 Jiri Fischer Jakub Kindl 40 1 2 2
Last Minutes Offensive
Center Left Wing Right Wing Defense Defense
Mike Richards Marko Dano Connor Brown Jiri Fischer Philip Samuelsson
Last Minutes Defensive
Center Left Wing Right Wing Defense Defense
Michael Haley Dany Heatley Carson Mcmillan Anton Volchenkov Ryan O'Byrne
Goaltenders
Starting : James Reimer
Backup : Josh Harding
Extra Forwards
Normal : Mike Richards, Nick Bjugstad, Jordin Tootoo - PP : David Krejci, Mike Richards - PK : Mike Richards
Extra Defensemen
Normal : Jiri Fischer, Karl Alzner, Jakub Kindl - PP : Ryan O'Byrne - PK : Jakub Kindl, Karl Alzner
Penalty Shots
Mike Richards, Marko Dano, Nick Bjugstad, Carson Mcmillan, Jordin Tootoo
Scratches
Alex Picard (Healthy), Andrew Alberts (Healthy), Petter Granberg (Healthy), Riley Armstrong (Healthy)
Stars
5 vs 5 Forward
Center Left Wing Right Wing Time % Phy DF OF
1 John Tavares Guillaume Latendresse Michael Grabner 40 0 2 3
2 Antoine Vermette Jussi Jokinen Alex Chiasson 30 0 2 3
3 Cory Emmerton Alexander Frolov B.J. Crombeen 20 1 2 2
4 Evgeny Grachev Ted Purcell Cam Atkinson 10 1 2 2
5 vs 5 Defense
Defense Defense Time % Phy DF OF
1 Ian White Brian Lee 40 1 2 2
2 Boris Valabik Lasse Kukkonen 30 1 2 2
3 Johnny Oduya Niklas Hjalmarsson 20 1 2 2
4 Ian White Brian Lee 10 1 2 2
PowerPlay Forward
Center Left Wing Right Wing Time % Phy DF OF
1 John Tavares Guillaume Latendresse Michael Grabner 60 0 2 3
2 Antoine Vermette Jussi Jokinen Alex Chiasson 40 0 2 3
PowerPlay Defense
Defense Defense Time % Phy DF OF
1 Ian White Brian Lee 60 0 2 3
2 Boris Valabik Lasse Kukkonen 40 0 2 3
Penalty Kill 4 Players Forward
Center Wing Time % Phy DF OF
1 John Tavares Guillaume Latendresse 60 0 3 2
2 Jussi Jokinen Antoine Vermette 40 0 3 2
Penalty Kill 4 Players Defense
Defense Defense Time % Phy DF OF
1 Ian White Brian Lee 60 0 3 2
2 Boris Valabik Lasse Kukkonen 40 0 3 2
Penalty Kill - 3 Players Forward
Forward Time % Phy DF OF
1 John Tavares 60 0 3 2
2 Guillaume Latendresse 40 0 3 2
Penalty Kill - 3 Players Defense
Defense Defense Time % Phy DF OF
1 Ian White Brian Lee 60 0 3 2
2 Boris Valabik Lasse Kukkonen 40 0 3 2
4 vs 4 Forward
Center Wing Time % Phy DF OF
1 John Tavares Guillaume Latendresse 60 0 2 3
2 Jussi Jokinen Antoine Vermette 40 0 2 3
4 vs 4 Defense
Defense Defense Time % Phy DF OF
1 Ian White Brian Lee 60 1 2 2
2 Boris Valabik Lasse Kukkonen 40 1 2 2
Last Minutes Offensive
Center Left Wing Right Wing Defense Defense
John Tavares Guillaume Latendresse Michael Grabner Ian White Brian Lee
Last Minutes Defensive
Center Left Wing Right Wing Defense Defense
John Tavares Guillaume Latendresse Michael Grabner Ian White Brian Lee
Goaltenders
Starting : Cory Schneider
Backup : Brian Elliott
Extra Forwards
Normal : Alexander Frolov, Ted Purcell, Cory Emmerton - PP : Alexander Frolov, Ted Purcell - PK : Cory Emmerton
Extra Defensemen
Normal : Johnny Oduya, Niklas Hjalmarsson, Boris Valabik - PP : Johnny Oduya - PK : Niklas Hjalmarsson, Boris Valabik
Penalty Shots
John Tavares, Guillaume Latendresse, Jussi Jokinen, Antoine Vermette, Alexander Frolov
Scratches
Lee Stempniak (Healthy), Andrej Sustr (Healthy), Brian Flynn (Healthy)
% Time on Ice - Red Wings
Lines # - Real PCT - Wanted PCT - Time Play
Normal Forward
1 - 35% - 40% - 15:35
2 - 25% - 30% - 11:07
3 - 23% - 20% - 10:17
4 - 16% - 10% - 7:17
Normal Defense
1 - 44% - 40% - 19:41
2 - 32% - 30% - 14:00
3 - 18% - 20% - 7:48
4 - 6% - 10% - 2:47
PP Forward
1 - 56% - 60% - 5:04
2 - 44% - 40% - 4:01
PP Defense
1 - 40% - 60% - 3:39
2 - 60% - 40% - 5:26
PK Forward
1 - 79% - 60% - 3:43
2 - 21% - 40% - 1:00
PK Defense
1 - 65% - 60% - 3:05
2 - 35% - 40% - 1:38
PK3 Forward
1 - 100% - 60% - 1:56
2 - 0% - 40% - 0:00
PK3 Defense
1 - 60% - 60% - 1:10
2 - 40% - 40% - 0:46
44 Forward
1 - 0% - 60%
2 - 0% - 40%
44 Defense
1 - 0% - 60%
2 - 0% - 40%
Last Minute Offensive - 0:00
Last Minute Defensive - 0:00
Total
Forward - 60:00
Defense - 60:00
|
% Time on Ice - Stars
Lines # - Real PCT - Wanted PCT - Time Play
Normal Forward
1 - 33% - 40% - 14:47
2 - 29% - 30% - 12:57
3 - 21% - 20% - 9:25
4 - 16% - 10% - 7:07
Normal Defense
1 - 40% - 40% - 17:42
2 - 33% - 30% - 14:27
3 - 24% - 20% - 10:30
4 - 4% - 10% - 1:37
PP Forward
1 - 61% - 60% - 4:04
2 - 39% - 40% - 2:35
PP Defense
1 - 63% - 60% - 4:10
2 - 37% - 40% - 2:29
PK Forward
1 - 78% - 60% - 7:03
2 - 22% - 40% - 2:02
PK Defense
1 - 51% - 60% - 4:39
2 - 49% - 40% - 4:26
PK3 Forward
1 - 0% - 60%
2 - 0% - 40%
PK3 Defense
1 - 0% - 60%
2 - 0% - 40%
44 Forward
1 - 0% - 60%
2 - 0% - 40%
44 Defense
1 - 0% - 60%
2 - 0% - 40%
Last Minute Offensive - 0:00
Last Minute Defensive - 0:00
Total
Forward - 60:00
Defense - 60:00
|
Play-by-Play
1st period
0:01 of 1st period - Mike Richards wins face-off versus John Tavares in neutral zone.
0:30 of 1st period - Icing by Jussi Jokinen.
0:31 of 1st period - Nick Bjugstad wins face-off versus Antoine Vermette in Stars zone.
0:36 of 1st period - Slapshot by Nick Bjugstad.
0:36 of 1st period - Shot Misses the Net.
0:44 of 1st period - Snap shot by Nick Bjugstad.
0:44 of 1st period - Stopped by Cory Schneider without a rebound.
0:45 of 1st period - David Krejci wins face-off versus Cory Emmerton in Stars zone.
0:48 of 1st period - Wrist shot by David Krejci.
0:48 of 1st period - Stopped by Cory Schneider without a rebound.
0:49 of 1st period - David Krejci wins face-off versus Cory Emmerton in Stars zone.
1:04 of 1st period - Wrist shot by David Krejci.
1:04 of 1st period - Shot Hit the Post.
1:13 of 1st period - Off-side.
1:14 of 1st period - Chris Kelly wins face-off versus John Tavares in neutral zone.
1:30 of 1st period - Snap shot by John Tavares.
1:30 of 1st period - Stopped by James Reimer with a rebound.
1:42 of 1st period - Carson Mcmillan is hit by Brian Lee and loses puck.
2:12 of 1st period - Jiri Fischer is hit by Cam Atkinson and loses puck.
2:18 of 1st period - Off-side.
2:19 of 1st period - John Tavares wins face-off versus Nick Bjugstad in neutral zone.
2:30 of 1st period - Snap shot by Teuvo Teravainen.
2:30 of 1st period - Deflect By Nick Bjugstad.
2:30 of 1st period - Stopped by Cory Schneider with a rebound.
2:32 of 1st period - Snap shot by Jordin Tootoo.
2:32 of 1st period - Stopped by Cory Schneider without a rebound.
2:33 of 1st period - Mike Richards wins face-off versus B.J. Crombeen in Stars zone.
3:09 of 1st period - Wrist shot by John Tavares.
3:09 of 1st period - Shot Blocked by Jordin Tootoo.
3:11 of 1st period - Snap shot by John Tavares.
3:11 of 1st period - Stopped by James Reimer without a rebound.
3:12 of 1st period - Jussi Jokinen wins face-off versus David Krejci in Red Wings zone.
3:47 of 1st period - Lasse Kukkonen is hit by Teuvo Teravainen.
4:20 of 1st period - Snap shot by Jussi Jokinen.
4:20 of 1st period - Stopped by James Reimer with a rebound.
4:22 of 1st period - Slapshot by Brian Lee.
4:22 of 1st period - Shot Blocked by Jakub Kindl.
4:24 of 1st period - Minor Penalty to Nick Bjugstad for Roughing.
4:25 of 1st period - John Tavares wins face-off versus Carson Mcmillan in Red Wings zone.
5:46 of 1st period - Jiri Fischer is hit by B.J. Crombeen and loses puck.
6:24 of 1st period - Penalty to Nick Bjugstad is over, Nick Bjugstad is back on ice.
6:26 of 1st period - Ryan O'Byrne is hit by Antoine Vermette and loses puck.
6:55 of 1st period - Nick Bjugstad is hit by Alexander Frolov and loses puck.
7:38 of 1st period - Brian Lee is hit by Philip Samuelsson and loses puck.
7:59 of 1st period - Snap shot by David Krejci.
7:59 of 1st period - Stopped by Cory Schneider with a rebound.
8:41 of 1st period - Ted Purcell is hit by Jordin Tootoo and loses puck.
10:33 of 1st period - Dany Heatley is hit by Antoine Vermette.
10:53 of 1st period - Slapshot by John Tavares.
10:53 of 1st period - Shot Blocked by Philip Samuelsson.
11:30 of 1st period - Evgeny Grachev is hit by Dany Heatley and loses puck.
12:15 of 1st period - Ryan O'Byrne is hit by Alexander Frolov.
12:29 of 1st period - Snap shot by Carson Mcmillan.
12:29 of 1st period - Goal by Carson Mcmillan - Red Wings : 1 - Stars : 0.
12:30 of 1st period - Mike Richards wins face-off versus John Tavares in neutral zone.
12:35 of 1st period - Wrist shot by Mike Richards.
12:35 of 1st period - Deflect By Marko Dano.
12:35 of 1st period - Shot Misses the Net.
12:35 of 1st period - Puck is out of play.
12:36 of 1st period - John Tavares wins face-off versus Mike Richards in Stars zone.
13:20 of 1st period - Icing by Jiri Fischer.
13:21 of 1st period - Nick Bjugstad wins face-off versus B.J. Crombeen in Red Wings zone.
13:30 of 1st period - Snap shot by B.J. Crombeen.
13:30 of 1st period - Shot Misses the Net.
14:30 of 1st period - Boris Valabik is hit by Chris Kelly and loses puck.
14:41 of 1st period - Snap shot by Evgeny Grachev.
14:41 of 1st period - Stopped by James Reimer without a rebound.
14:42 of 1st period - Connor Brown wins face-off versus John Tavares in Red Wings zone.
14:42 of 1st period - Marko Dano is hit by Guillaume Latendresse and loses puck.
14:50 of 1st period - Off-side.
14:51 of 1st period - Mike Richards wins face-off versus John Tavares in neutral zone.
15:08 of 1st period - Guillaume Latendresse is hit by Marko Dano.
15:24 of 1st period - Snap shot by Connor Brown.
15:24 of 1st period - Stopped by Cory Schneider without a rebound.
15:25 of 1st period - Antoine Vermette wins face-off versus David Krejci in Stars zone.
15:51 of 1st period - Alexander Frolov is hit by Nick Bjugstad and loses puck.
16:19 of 1st period - Minor Penalty to Michael Haley for Cross-checking.
16:20 of 1st period - Carson Mcmillan wins face-off versus John Tavares in Red Wings zone.
16:22 of 1st period - Minor Penalty to Dany Heatley for High sticking.
16:23 of 1st period - John Tavares wins face-off versus Mike Richards in Red Wings zone.
16:29 of 1st period - Snap shot by John Tavares.
16:29 of 1st period - Shot Misses the Net.
16:31 of 1st period - Snap shot by Guillaume Latendresse.
16:31 of 1st period - Shot Misses the Net.
16:52 of 1st period - Off-side.
16:53 of 1st period - Antoine Vermette wins face-off versus Chris Kelly in neutral zone.
16:56 of 1st period - Anton Volchenkov is hit by Lasse Kukkonen and loses puck.
17:21 of 1st period - Anton Volchenkov is hit by Boris Valabik and loses puck.
17:40 of 1st period - Wrist shot by Jussi Jokinen.
17:40 of 1st period - Stopped by James Reimer without a rebound.
17:41 of 1st period - Mike Richards wins face-off versus John Tavares in Red Wings zone.
17:52 of 1st period - Snap shot by Brian Lee.
17:52 of 1st period - Shot Misses the Net.
18:19 of 1st period - Penalty to Michael Haley is over, Michael Haley is back on ice.
18:22 of 1st period - Penalty to Dany Heatley is over, Dany Heatley is back on ice.
18:32 of 1st period - Snap shot by Evgeny Grachev.
18:32 of 1st period - Shot Misses the Net.
18:34 of 1st period - Slapshot by Evgeny Grachev.
18:34 of 1st period - Shot Misses the Net.
18:36 of 1st period - Snap shot by Evgeny Grachev.
18:36 of 1st period - Goal by Evgeny Grachev - Red Wings : 1 - Stars : 1.
18:37 of 1st period - John Tavares wins face-off versus Mike Richards in neutral zone.
18:40 of 1st period - Slapshot by Ian White.
18:40 of 1st period - Shot Misses the Net.
19:04 of 1st period - Teuvo Teravainen is hit by Antoine Vermette and loses puck.
19:31 of 1st period - Philip Samuelsson is hit by B.J. Crombeen and loses puck.
19:54 of 1st period - Snap shot by Chris Kelly.
19:54 of 1st period - Stopped by Cory Schneider with a rebound.
Goals for this period are 1 for Red Wings vs 1 for Stars.
Shots for this period are 8 for Red Wings vs 6 for Stars.
2nd period
0:01 of 2nd period - Mike Richards wins face-off versus John Tavares in neutral zone.
0:09 of 2nd period - Minor Penalty to Connor Brown for Interference.
0:10 of 2nd period - Carson Mcmillan wins face-off versus John Tavares in Red Wings zone.
0:26 of 2nd period - Snap shot by Guillaume Latendresse.
0:26 of 2nd period - Goal by Guillaume Latendresse - Red Wings : 1 - Stars : 2.
0:27 of 2nd period - Mike Richards wins face-off versus John Tavares in neutral zone.
0:40 of 2nd period - Slapshot by Mike Richards.
0:40 of 2nd period - Shot Misses the Net.
1:13 of 2nd period - Slapshot by Alexander Frolov.
1:13 of 2nd period - Shot Misses the Net.
1:15 of 2nd period - Slapshot by Brian Lee.
1:15 of 2nd period - Stopped by James Reimer with a rebound.
1:17 of 2nd period - Slapshot by Ian White.
1:17 of 2nd period - Deflect By Cory Emmerton.
1:17 of 2nd period - Shot Misses the Net.
1:17 of 2nd period - Puck is out of play.
1:18 of 2nd period - Mike Richards wins face-off versus Cory Emmerton in Red Wings zone.
1:18 of 2nd period - Mike Richards is hit by Boris Valabik.
1:23 of 2nd period - Ryan O'Byrne is hit by Cory Emmerton and loses puck.
1:26 of 2nd period - Minor Penalty to Cory Emmerton for Hooking.
1:27 of 2nd period - John Tavares wins face-off versus Mike Richards in Stars zone.
1:27 of 2nd period - John Tavares is hit by Jiri Fischer.
3:18 of 2nd period - John Tavares is hit by Mike Richards.
3:26 of 2nd period - Penalty to Cory Emmerton is over, Cory Emmerton is back on ice.
3:56 of 2nd period - Niklas Hjalmarsson is hit by Chris Kelly and loses puck.
4:01 of 2nd period - Slapshot by Chris Kelly.
4:01 of 2nd period - Goal by Chris Kelly - Red Wings : 2 - Stars : 2.
4:02 of 2nd period - John Tavares wins face-off versus Nick Bjugstad in neutral zone.
4:11 of 2nd period - Brian Lee is hit by Jordin Tootoo and loses puck.
4:32 of 2nd period - Off-side.
4:33 of 2nd period - Mike Richards wins face-off versus Antoine Vermette in neutral zone.
4:36 of 2nd period - Jussi Jokinen is hit by Ryan O'Byrne and loses puck.
5:02 of 2nd period - Wrist shot by David Krejci.
5:02 of 2nd period - Shot Misses the Net.
5:04 of 2nd period - Wrist shot by Dany Heatley.
5:04 of 2nd period - Stopped by Cory Schneider without a rebound.
5:05 of 2nd period - John Tavares wins face-off versus David Krejci in Stars zone.
5:14 of 2nd period - Snap shot by John Tavares.
5:14 of 2nd period - Stopped by James Reimer without a rebound.
5:15 of 2nd period - John Tavares wins face-off versus Mike Richards in Red Wings zone.
5:16 of 2nd period - Snap shot by Michael Grabner.
5:16 of 2nd period - Shot Blocked by Jiri Fischer.
6:12 of 2nd period - Wrist shot by David Krejci.
6:12 of 2nd period - Shot Misses the Net.
6:14 of 2nd period - Slapshot by Jiri Fischer.
6:14 of 2nd period - Deflect By Alexander Frolov.
6:14 of 2nd period - Stopped by Cory Schneider without a rebound.
6:15 of 2nd period - Mike Richards wins face-off versus John Tavares in Stars zone.
6:28 of 2nd period - Wrist shot by Philip Samuelsson.
6:28 of 2nd period - Stopped by Cory Schneider without a rebound.
6:29 of 2nd period - Mike Richards wins face-off versus John Tavares in Stars zone.
6:34 of 2nd period - Wrist shot by Connor Brown.
6:34 of 2nd period - Shot Misses the Net.
6:36 of 2nd period - Slapshot by Mike Richards.
6:36 of 2nd period - Stopped by Cory Schneider with a rebound.
6:38 of 2nd period - Backhand shot by Ryan O'Byrne.
6:38 of 2nd period - Deflect By John Tavares.
6:38 of 2nd period - Stopped by Cory Schneider with a rebound.
6:40 of 2nd period - Snap shot by Marko Dano.
6:40 of 2nd period - Stopped by Cory Schneider with a rebound.
6:42 of 2nd period - Slapshot by Mike Richards.
6:42 of 2nd period - Stopped by Cory Schneider with a rebound.
6:44 of 2nd period - Snap shot by Marko Dano.
6:44 of 2nd period - Shot Misses the Net.
7:44 of 2nd period - Snap shot by Carson Mcmillan.
7:44 of 2nd period - Stopped by Cory Schneider without a rebound.
7:45 of 2nd period - John Tavares wins face-off versus Mike Richards in Stars zone.
8:12 of 2nd period - Alex Chiasson is hit by Jordin Tootoo and loses puck.
9:13 of 2nd period - Carson Mcmillan is hit by Ian White and loses puck.
9:20 of 2nd period - Snap shot by Guillaume Latendresse.
9:20 of 2nd period - Stopped by James Reimer with a rebound.
9:22 of 2nd period - Backhand shot by Michael Grabner.
9:22 of 2nd period - Shot Misses the Net.
9:24 of 2nd period - Slapshot by Lasse Kukkonen.
9:24 of 2nd period - Shot Misses the Net.
9:46 of 2nd period - Connor Brown is hit by Lasse Kukkonen and loses puck.
10:01 of 2nd period - Philip Samuelsson is hit by B.J. Crombeen and loses puck.
10:18 of 2nd period - Slapshot by Philip Samuelsson.
10:18 of 2nd period - Deflect By David Krejci.
10:18 of 2nd period - Shot Blocked by Johnny Oduya.
10:18 of 2nd period - Puck is out of play.
10:19 of 2nd period - Dany Heatley wins face-off versus Evgeny Grachev in Stars zone.
10:24 of 2nd period - Wrist shot by David Krejci.
10:24 of 2nd period - Stopped by Cory Schneider with a rebound.
10:26 of 2nd period - Wrist shot by David Krejci.
10:26 of 2nd period - Shot Misses the Net.
10:28 of 2nd period - Snap shot by David Krejci.
10:28 of 2nd period - Stopped by Cory Schneider with a rebound.
11:08 of 2nd period - Minor Penalty to Boris Valabik for Holding.
11:09 of 2nd period - Mike Richards wins face-off versus John Tavares in Stars zone.
11:58 of 2nd period - Niklas Hjalmarsson is hit by Karl Alzner and loses puck.
12:17 of 2nd period - Snap shot by Jordin Tootoo.
12:17 of 2nd period - Goal by Jordin Tootoo - Red Wings : 3 - Stars : 2.
12:18 of 2nd period - Antoine Vermette wins face-off versus Mike Richards in neutral zone.
12:44 of 2nd period - Cory Emmerton is hit by Philip Samuelsson.
12:56 of 2nd period - Karl Alzner is hit by Alexander Frolov and loses puck.
13:07 of 2nd period - John Tavares is hit by Nick Bjugstad and loses puck.
13:39 of 2nd period - Wrist shot by Cam Atkinson.
13:39 of 2nd period - Shot Blocked by Jakub Kindl.
13:41 of 2nd period - Slapshot by Johnny Oduya.
13:41 of 2nd period - Stopped by James Reimer with a rebound.
13:43 of 2nd period - Slapshot by Johnny Oduya.
13:43 of 2nd period - Stopped by James Reimer with a rebound.
14:01 of 2nd period - Slapshot by Carson Mcmillan.
14:01 of 2nd period - Shot Misses the Net.
14:03 of 2nd period - Slapshot by Anton Volchenkov.
14:03 of 2nd period - Shot Blocked by Jussi Jokinen.
14:19 of 2nd period - Wrist shot by Cory Emmerton.
14:19 of 2nd period - Stopped by James Reimer without a rebound.
14:20 of 2nd period - John Tavares wins face-off versus Mike Richards in Red Wings zone.
14:46 of 2nd period - Ian White is hit by Nick Bjugstad and loses puck.
14:59 of 2nd period - Wrist shot by Nick Bjugstad.
14:59 of 2nd period - Goal by Nick Bjugstad - Red Wings : 4 - Stars : 2.
15:00 of 2nd period - John Tavares wins face-off versus Mike Richards in neutral zone.
15:12 of 2nd period - Icing by Brian Lee.
15:13 of 2nd period - Michael Grabner wins face-off versus Mike Richards in Stars zone.
15:49 of 2nd period - Off-side.
15:50 of 2nd period - John Tavares wins face-off versus Mike Richards in neutral zone.
16:01 of 2nd period - Slapshot by Guillaume Latendresse.
16:01 of 2nd period - Stopped by James Reimer with a rebound.
16:17 of 2nd period - Teuvo Teravainen is hit by Lasse Kukkonen and loses puck.
17:00 of 2nd period - Snap shot by Ted Purcell.
17:00 of 2nd period - Shot Misses the Net.
17:02 of 2nd period - Slapshot by Brian Lee.
17:02 of 2nd period - Shot Blocked by Carson Mcmillan.
17:04 of 2nd period - Snap shot by Ted Purcell.
17:04 of 2nd period - Stopped by James Reimer with a rebound.
17:06 of 2nd period - Snap shot by Evgeny Grachev.
17:06 of 2nd period - Stopped by James Reimer with a rebound.
17:08 of 2nd period - Snap shot by Cam Atkinson.
17:08 of 2nd period - Shot Blocked by Jiri Fischer.
17:24 of 2nd period - Snap shot by Guillaume Latendresse.
17:24 of 2nd period - Shot Misses the Net.
17:26 of 2nd period - Slapshot by Guillaume Latendresse.
17:26 of 2nd period - Shot Misses the Net.
17:28 of 2nd period - Slapshot by Ian White.
17:28 of 2nd period - Shot Misses the Net.
17:38 of 2nd period - Niklas Hjalmarsson is hit by Jordin Tootoo and loses puck.
17:59 of 2nd period - David Krejci is hit by Alexander Frolov and loses puck.
19:05 of 2nd period - Slapshot by Nick Bjugstad.
19:05 of 2nd period - Stopped by Cory Schneider with a rebound.
19:07 of 2nd period - Snap shot by Nick Bjugstad.
19:07 of 2nd period - Shot Misses the Net.
19:09 of 2nd period - Wrist shot by Jordin Tootoo.
19:09 of 2nd period - Shot Blocked by Ian White.
19:19 of 2nd period - Petr Pohl is hit by B.J. Crombeen and loses puck.
19:59 of 2nd period - Michael Grabner is hit by Carson Mcmillan and loses puck.
Goals for this period are 3 for Red Wings vs 1 for Stars.
Shots for this period are 14 for Red Wings vs 10 for Stars.
3rd period
0:01 of 3rd period - John Tavares wins face-off versus Mike Richards in neutral zone.
0:03 of 3rd period - Off-side.
0:04 of 3rd period - Guillaume Latendresse wins face-off versus Mike Richards in neutral zone.
0:06 of 3rd period - Brian Lee is hit by Ryan O'Byrne and loses puck.
1:06 of 3rd period - Wrist shot by Jordin Tootoo.
1:06 of 3rd period - Stopped by Cory Schneider with a rebound.
1:24 of 3rd period - Snap shot by Connor Brown.
1:24 of 3rd period - Stopped by Cory Schneider with a rebound.
1:26 of 3rd period - Snap shot by Connor Brown.
1:26 of 3rd period - Stopped by Cory Schneider with a rebound.
2:04 of 3rd period - Slapshot by Dany Heatley.
2:04 of 3rd period - Stopped by Cory Schneider with a rebound.
2:10 of 3rd period - Petr Pohl is hit by Alex Chiasson and loses puck.
2:36 of 3rd period - Minor Penalty to Jiri Fischer for Hooking.
2:37 of 3rd period - John Tavares wins face-off versus Dany Heatley in Red Wings zone.
2:52 of 3rd period - Snap shot by Michael Grabner.
2:52 of 3rd period - Stopped by James Reimer with a rebound.
2:54 of 3rd period - Wrist shot by Michael Grabner.
2:54 of 3rd period - Deflect By Guillaume Latendresse.
2:54 of 3rd period - Shot Blocked by Jakub Kindl.
2:54 of 3rd period - Puck is out of play.
2:55 of 3rd period - Antoine Vermette wins face-off versus Carson Mcmillan in Red Wings zone.
2:56 of 3rd period - Snap shot by Jussi Jokinen.
2:56 of 3rd period - Shot Misses the Net.
2:58 of 3rd period - Slapshot by Brian Lee.
2:58 of 3rd period - Goal by Brian Lee - Red Wings : 4 - Stars : 3.
2:59 of 3rd period - John Tavares wins face-off versus Marko Dano in neutral zone.
3:02 of 3rd period - Marko Dano is hit by John Tavares and loses puck.
3:25 of 3rd period - Mike Richards is hit by Ian White and loses puck.
3:59 of 3rd period - Snap shot by Nick Bjugstad.
3:59 of 3rd period - Stopped by Cory Schneider without a rebound.
4:00 of 3rd period - David Krejci wins face-off versus John Tavares in Stars zone.
4:03 of 3rd period - Snap shot by Petr Pohl.
4:03 of 3rd period - Stopped by Cory Schneider with a rebound.
4:05 of 3rd period - Snap shot by David Krejci.
4:05 of 3rd period - Deflect By Petr Pohl.
4:05 of 3rd period - Stopped by Cory Schneider without a rebound.
4:06 of 3rd period - John Tavares wins face-off versus David Krejci in Stars zone.
4:06 of 3rd period - John Tavares is hit by Jakub Kindl.
4:16 of 3rd period - Snap shot by John Tavares.
4:16 of 3rd period - Stopped by James Reimer with a rebound.
4:21 of 3rd period - Off-side.
4:22 of 3rd period - Mike Richards wins face-off versus Antoine Vermette in neutral zone.
4:49 of 3rd period - Minor Penalty to Brian Lee for Tripping.
4:50 of 3rd period - Marko Dano wins face-off versus John Tavares in Stars zone.
5:18 of 3rd period - Icing by Philip Samuelsson.
5:19 of 3rd period - Guillaume Latendresse wins face-off versus Nick Bjugstad in Red Wings zone.
5:30 of 3rd period - Snap shot by Nick Bjugstad.
5:30 of 3rd period - Stopped by Cory Schneider with a rebound.
5:32 of 3rd period - Slapshot by Karl Alzner.
5:32 of 3rd period - Shot Misses the Net.
6:49 of 3rd period - Penalty to Brian Lee is over, Brian Lee is back on ice.
7:20 of 3rd period - Philip Samuelsson is hit by Cory Emmerton and loses puck.
7:53 of 3rd period - Minor Penalty to Michael Grabner for Holding.
7:54 of 3rd period - John Tavares wins face-off versus Mike Richards in Stars zone.
8:03 of 3rd period - Off-side.
8:04 of 3rd period - John Tavares wins face-off versus Mike Richards in neutral zone.
8:13 of 3rd period - Snap shot by Guillaume Latendresse.
8:13 of 3rd period - Stopped by James Reimer with a rebound.
8:23 of 3rd period - Wrist shot by Connor Brown.
8:23 of 3rd period - Shot Misses the Net.
8:25 of 3rd period - Slapshot by Jakub Kindl.
8:25 of 3rd period - Deflect By Marko Dano.
8:25 of 3rd period - Stopped by Cory Schneider without a rebound.
8:26 of 3rd period - Nick Bjugstad wins face-off versus John Tavares in Stars zone.
8:51 of 3rd period - Guillaume Latendresse is hit by Marko Dano and loses puck.
9:48 of 3rd period - Connor Brown is hit by Ian White and loses puck.
9:53 of 3rd period - Penalty to Michael Grabner is over, Michael Grabner is back on ice.
10:43 of 3rd period - Minor Penalty to Alex Chiasson for Hooking.
10:44 of 3rd period - Mike Richards wins face-off versus John Tavares in Stars zone.
11:15 of 3rd period - Slapshot by Teuvo Teravainen.
11:15 of 3rd period - Stopped by Cory Schneider without a rebound.
11:16 of 3rd period - Mike Richards wins face-off versus Antoine Vermette in Stars zone.
11:17 of 3rd period - Backhand shot by Marko Dano.
11:17 of 3rd period - Shot Misses the Net.
11:19 of 3rd period - Slapshot by Jiri Fischer.
11:19 of 3rd period - Stopped by Cory Schneider with a rebound.
12:43 of 3rd period - Penalty to Alex Chiasson is over, Alex Chiasson is back on ice.
12:57 of 3rd period - Snap shot by David Krejci.
12:57 of 3rd period - Goal by David Krejci - Red Wings : 5 - Stars : 3.
12:58 of 3rd period - John Tavares wins face-off versus Jordin Tootoo in neutral zone.
13:01 of 3rd period - Teuvo Teravainen is hit by Guillaume Latendresse and loses puck.
13:08 of 3rd period - Ian White is hit by Jordin Tootoo and loses puck.
14:16 of 3rd period - Wrist shot by Petr Pohl.
14:16 of 3rd period - Stopped by Cory Schneider with a rebound.
14:18 of 3rd period - Wrist shot by Karl Alzner.
14:18 of 3rd period - Stopped by Cory Schneider without a rebound.
14:19 of 3rd period - John Tavares wins face-off versus Mike Richards in Stars zone.
14:19 of 3rd period - John Tavares is hit by Marko Dano.
14:25 of 3rd period - Slapshot by Niklas Hjalmarsson.
14:25 of 3rd period - Shot Blocked by Ryan O'Byrne.
14:27 of 3rd period - Wrist shot by Niklas Hjalmarsson.
14:27 of 3rd period - Deflect By Mike Richards.
14:27 of 3rd period - Stopped by James Reimer without a rebound.
14:28 of 3rd period - Mike Richards wins face-off versus John Tavares in Red Wings zone.
14:28 of 3rd period - Mike Richards is hit by Johnny Oduya.
14:36 of 3rd period - Snap shot by Connor Brown.
14:36 of 3rd period - Shot Misses the Net.
14:42 of 3rd period - Wrist shot by John Tavares.
14:42 of 3rd period - Stopped by James Reimer without a rebound.
14:43 of 3rd period - John Tavares wins face-off versus Nick Bjugstad in Red Wings zone.
15:35 of 3rd period - Wrist shot by Michael Haley.
15:35 of 3rd period - Shot Misses the Net.
15:37 of 3rd period - Backhand shot by Ryan O'Byrne.
15:37 of 3rd period - Stopped by Cory Schneider with a rebound.
15:39 of 3rd period - Slapshot by Philip Samuelsson.
15:39 of 3rd period - Goal by Philip Samuelsson - Red Wings : 6 - Stars : 3.
15:40 of 3rd period - Mike Richards wins face-off versus John Tavares in neutral zone.
15:46 of 3rd period - Icing by John Tavares.
15:47 of 3rd period - Mike Richards wins face-off versus John Tavares in Stars zone.
16:22 of 3rd period - Snap shot by Guillaume Latendresse.
16:22 of 3rd period - Shot Misses the Net.
16:24 of 3rd period - Wrist shot by Boris Valabik.
16:24 of 3rd period - Stopped by James Reimer without a rebound.
16:25 of 3rd period - Antoine Vermette wins face-off versus Nick Bjugstad in Red Wings zone.
16:37 of 3rd period - Minor Penalty to Nick Bjugstad for Interference.
16:38 of 3rd period - Carson Mcmillan wins face-off versus John Tavares in Red Wings zone.
17:12 of 3rd period - Snap shot by Jussi Jokinen.
17:12 of 3rd period - Deflect By Antoine Vermette.
17:12 of 3rd period - Shot Misses the Net.
17:12 of 3rd period - Puck is out of play.
17:13 of 3rd period - Carson Mcmillan wins face-off versus John Tavares in Red Wings zone.
17:24 of 3rd period - Michael Grabner is hit by Anton Volchenkov and loses puck.
18:37 of 3rd period - Penalty to Nick Bjugstad is over, Nick Bjugstad is back on ice.
Goals for this period are 2 for Red Wings vs 1 for Stars.
Shots for this period are 16 for Red Wings vs 7 for Stars.
Back to the Top